← All builds
Geo sea / Armada / Economy first / OBSERVED BUILD

Standard geo sea

Armada Geo sea build order · Supreme Isthmus

The role's baseline: bot lab then shipyard in the cove, early destroyer and submarine to contest the sea, with geothermal powering the economy as the game transitions into a naval/amphibious mix.

Usually shipyard in the cove (89%)

#naval #eco · 1349 distinct matches · 173 players · 78% of Armada Geo sea games · team won 55% of 1504 · Recently observed

HOW TO PLAY IT

Key timing: Shipyard by 3:12

  1. Open 3 mex and wind, then drop Bot Lab by 1:12.
  2. Build Shipyard in the cove to start the naval contest.
  3. Pump submarine then destroyer to contest enemy sea entry.
  4. Add geothermal powerplant to fund the economy transition.
  5. Upgrade to Advanced Metal Extractor as eco scaling finishes.

Phase by phase

TYPICAL OF ITS 1349 GAMES
  1. 1
  2. 2
  3. 3
  4. 4
PLAY THE OPENING

Follow the example game's first 6:00 step by step: what to build now, what comes next, and where it goes. At 1× it keeps pace with your own game.

  1. 1

    Up to the Bot Lab

    Economy
    • Metal Extractor3Mex
    • Wind Turbine3Wind
    Order
    1. Bot LabBot Lab after 3 mex, 3 winddone ~1:12, middle half 1:06–1:18

    Some games also: wind for allies (46%)

    By 0:55 in all: 3 mex · 3 wind

    The example game in this phase · 3 steps
    1. Mex ×3
    2. Wind ×6
    3. Bot LabBot Labdone 1:27 · typical 1:12
  2. 2

    Bot Lab to Shipyard

    Economy
    • Metal Extractor1Mex
    • Wind Turbine1Wind
    Order
    1. ShipyardShipyard after 4 mex, 4 winddone ~3:11, middle half 2:48–3:37
    Builders
    • Construction Bot3 Con bot
    • Lazarus2 Lazarus

    Some games also: pawn (42%) · con turret (39%) · crossbow (39%)

    By 2:47 in all: 4 mex · 4 wind

    The example game in this phase · 15 steps
    1. LazarusLazarus
    2. Solar
    3. LazarusLazarus
    4. Construction BotCon bot ×2
    5. Wind ×2
    6. Construction BotCon bot ×2
    7. Mex
    8. TickTick
    9. Con turret
    10. Mex
    11. Con turret
    12. LazarusLazarus
    13. Mex
    14. Con turret
    15. ShipyardShipyarddone 4:13 · typical 3:11
  3. 3

    Shipyard to 5:00

    Economy
    • Metal Extractor4Mex
    • Wind Turbine2Wind
    Order
    1. Bot LabEat Bot Lab
    Builders
    • Construction Ship1 Con ship
    Army
    • Dolphin3 Dolphin
    • Skater1 Skater
    Other
    • Radar Tower1 Radar Tower

    Some games also: destroyer (48%) · Sentry (44%) · submarine (44%) · converter (33%) · con turret (32%)

    By 5:00 in all: 8 mex · 7 wind · 1 energy storage · 1 con turret

    The example game in this phase · 5 steps
    1. Energy storage
    2. EelSubmarine ×2done 4:26 · typical 4:27
    3. Bot LabEat Bot Labreclaimed for its metal
    4. Construction ShipCon ship
    5. Grim ReaperGrim Reaper
  4. 4

    5:00 to 10:00

    Economy
    • Metal Extractor2Mex
    • Wind Turbine12Wind
    • Energy Converter3Converter
    Builders
    • Construction Turret1 Con turret
    • Grim Reaper1 Grim Reaper
    • Construction Ship1 Con ship
    Army
    • Sentry1 Sentry
    • Dolphin4 Dolphin
    • Skater2 Skater
    • Corsair2 Destroyer

    Some games also: Harpoon (42%) · frigate (42%) · geo (41%) · Naval Construction Turret (35%) · submarine (31%)

    By 10:00 in all: 11 mex · 20 wind · 1 geo · 4 converter · 1 energy storage · 2 con turret

    The example game in this phase · 79 steps
    1. Mex
    2. DolphinDolphin ×4
    3. Geothermal PowerplantGeodone 6:54 · typical 7:52
    4. Mex
    5. DolphinDolphin ×2
    6. Naval Radar / Sonar TowerNaval Radar / Sonar Tower
    7. DolphinDolphin
    8. Converter
    9. Mex
    10. DolphinDolphin
    11. Converter
    12. SkaterSkater
    13. Mex
    14. Converter
    15. SkaterSkater
    16. Wind
    17. Mex
    18. Wind
    19. EllysawFrigate
    20. Converter
    21. Wind ×3
    22. EllysawFrigate
    23. Converter
    24. Wind
    25. Naval Radar / Sonar TowerNaval Radar / Sonar Tower
    26. Wind ×2
    27. EllysawFrigate
    28. Converter
    29. CorsairDestroyerdone 8:03 · typical 5:39
    30. Advanced Metal ExtractorT2 mexdone 8:41 · typical 9:21
    31. Converter
    32. Radar TowerRadar Tower
    33. CorsairDestroyer
    34. Converter
    35. Wind ×6
    36. Advanced Metal ExtractorT2 mex
    37. EelSubmarine ×3
    38. Advanced Metal ExtractorT2 mex
    39. EelSubmarine
    40. Wind
    41. EelSubmarine
    42. SkaterSkater
    43. Wind
    44. SkaterSkater
    45. Wind
    46. SkaterSkater
    47. Wind
    48. SkaterSkater
    49. Wind
    50. EelSubmarine
    51. Wind
    52. EelSubmarine
    53. Wind ×2
    54. EelSubmarine
    55. Advanced Metal ExtractorT2 mex
    56. Wind
    57. EelSubmarine
    58. Wind
    59. EelSubmarine ×6
    60. Advanced Metal ExtractorT2 mex
    61. EelSubmarine ×3
    62. Grim ReaperGrim Reaper ×3
    63. Advanced Metal ExtractorT2 mex
    64. Grim ReaperGrim Reaper
    65. Metal storage
    66. Grim ReaperGrim Reaper
    67. Metal storage
    68. Con turret
    69. Naval Radar / Sonar TowerNaval Radar / Sonar Tower
    70. Construction ShipCon ship ×2
    71. Con turret ×3
    72. Advanced ShipyardAdvanced Shipyarddone 14:45
    73. Con turret
    74. Naval Radar / Sonar TowerNaval Radar / Sonar Tower
    75. Con turret ×3
    76. Advanced Geothermal PowerplantAdvanced Geothermal Powerplantnot finished by 15:00
    77. Advanced Construction SubAdvanced Construction Sub
    78. Con turret
    79. VoyagerVoyager

Counts are medians over the build's games: half of them build more, half fewer. The example game is Sewer_Rat's (30 OS, 26/09/2026); pick another.

Team trades

IN AT LEAST 30% OF ITS GAMES

You hand over

  • Wind Turbine2 Wind to Airfirst at 1:41 · in 64% of games

You get

  • Finch1 Finch from Airfirst at 1:53 · in 74% of games
  • Hercules1 Light transport from Airfirst at 2:04 · in 65% of games
  • Advanced Construction Bot1 T2 con bot from Techfirst at 7:43 · in 90% of games

How it plays out

Typical game of this build, running totals by minute

Metal produced

010k20k30k
0:005:0010:0015:00

metal

Enemy metal destroyed

05k10k
0:005:0010:0015:00

metal

Own metal lost

02.5k5k7.5k
0:005:0010:0015:00

metal

1504 games.

Show as table
ByMetal produced: This buildEnemy metal destroyed: This buildOwn metal lost: This build
1:0039500
2:0092800
3:00160000
4:002877040
5:00412619054
6:005518532295
7:007055993623
8:00872116921030
9:001057824611601
10:001280333632247
11:001538344203110
12:001846854653798
13:002177264294605
14:002537875495383
15:002896984516190
WHAT THE NUMBERS SAY

Standard Geo sea play wins slightly less than half the time but builds a strong metal base by 15:00 with moderate losses.

  • + Metal produced reaches 29210 by 15:00, well above Beach sea's early pace.
  • + Corsair (destroyer) makes up 34% of army, a clear naval focus.
  • − Own metal lost climbs to 6339 by 15:00 from sea skirmishes.
  • − Geothermal only completes in 58% of games, an inconsistent power spike.
THE EXAMPLE YOU ARE READING

Sewer_Rat

30.2 OS · 26/09/2026

Open source match ↗

3 received units · includes a constructor
209 metal received · 11311 energy received

Allied construction assistance is unknown. Timings are observations, not a promise of solo reproducibility.

Typical milestones

Bot Lab1:12Middle 50%: 1:06–1:18 · n=1462
Shipyard3:11Middle 50%: 2:48–3:37 · n=1484
Eel4:27Middle 50%: 3:45–5:37 · n=915
Corsair5:39Middle 50%: 4:56–6:38 · n=1384
Geothermal Powerplant7:52Middle 50%: 6:48–9:30 · n=947
Advanced Metal Extractor9:21Middle 50%: 8:39–10:10 · n=1316

Played most by

_X_134games of this buildJesterB66games of this buildOptimusprimenutt61games of this buildhaaven54games of this buildpyrothraxus51games of this build
Standard geo sea · Armada Geo sea build order · BAR Build Atlas